 Dungeon Crawl Stone Soup version 0.27-a0-78-g75406f0b48 (webtiles) character file.

Game seed: 18106267840202184908

275 Spoonder the Digger (level 6, -1/32 HPs)
             Began as a Gargoyle Earth Elementalist on Jan 14, 2021.
             Slain by an iguana (9 damage)
             ... on level 4 of the Dungeon.
             The game lasted 00:08:39 (3848 turns).

Spoonder the Digger (Gargoyle Earth Elementalist)   Turns: 3848, Time: 00:08:40

Health: -1/32      AC:  7    Str: 12    XL:     6   Next: 24%
Magic:  9/11       EV: 12    Int: 17    God:
Gold:   179        SH:  0    Dex: 10    Spells: 3/12 levels left

rFire    . . .     SeeInvis .   l - +0 short sword (drain)
rCold    . . .     Faith    .   (no shield)
rNeg     + . .     Spirit   .   c - +1 robe
rPois    ∞         Reflect  .   (no helmet)
rElec    +         Harm     .   (no cloak)
rCorr    .         Rampage  .   (no gloves)
Will     .....                  (no boots)
Stlth    ++........             (no amulet)
HPRegen  0.10/turn              (no ring)
MPRegen  0.12/turn              (no ring)

@: no status effects
A: negative energy resistance 1, electricity resistance, unbreathing,
petrification resistance, miasma immunity, AC +4
a: no special abilities


You were on level 4 of the Dungeon.
You visited 1 branch of the dungeon, and saw 4 of its levels.

You collected 179 gold pieces.

Inventory:

Hand Weapons
 f - a +0 dagger
 j - a +0 short sword
 l - a +0 short sword of draining (weapon)
Missiles
 b - 116 stones
Armour
 c - a +1 robe (worn)
Scrolls
 e - a scroll of blinking
 k - a scroll of teleportation
 m - a scroll of remove curse
 n - a scroll of magic mapping
Potions
 a - a potion of resistance
 d - a potion of berserk rage
 g - a potion of attraction
 h - a potion of curing
 i - a potion of cancellation {unknown}


   Skills:
 - Level 1.5 Dodging
 - Level 2.1 Stealth
 + Level 3.8 Spellcasting
 + Level 3.0 Conjurations
 - Level 0.7 Transmutations
 + Level 5.7 Earth Magic


You had 3 spell levels left.
You knew the following spells:

 Your Spells              Type           Power        Failure   Level
a - Sandblast             Erth           44%          1%          1
b - Stone Arrow           Conj/Erth      36%          8%          3
c - Lee's Rapid Deconstr  Erth           11%          38%         5

Your spell library contained the following spells:

 Spells                   Type           Power        Failure   Level
 Passwall                 Tmut/Erth      11%          6%          2
 Confusing Touch          Hex            3%           43%         3
 Gell's Gravitas          Tloc           1%           43%         3
 Petrify                  Tmut/Erth      14%          38%         4
 Yara's Violent Unravell  Hex/Tmut       2%           98%         5
 Metabolic Englaciation   Hex/Ice        1%           99%         5


Dungeon Overview and Level Annotations

Branches:
Dungeon (4/15)
 Temple: D:4-7

Altars:
Fedhas
Ru
Trog
Xom
Zin
The Shining One


Innate Abilities, Weirdness & Mutations

You are resistant to torment.
Your stone body is resilient. (AC +4)
You are immune to poison.
You resist negative energy. (rN+)
You are resistant to electric shocks. (rElec)
You can survive without breathing.
You are immune to petrification.
You are immune to miasma.


Message History

You are too injured to fight recklessly!
You are too injured to fight recklessly!
You are too injured to fight recklessly!
Unknown command.
Casting: Sandblast (safe; 1% risk of failure)
Confirm with . or Enter, or press ? or * to list all spells.
Aiming: Sandblast (safe; 1% risk of failure)
Press: ? - help, Shift-Dir - straight line, f - iguana
Aim: an iguana (lightly wounded, 17% to evade)
The blast of sand hits the iguana but does no damage.
The iguana is lightly wounded.
The iguana bites you.
* * * LOW HITPOINT WARNING * * *
Casting: Sandblast (safe; 1% risk of failure)
Confirm with . or Enter, or press ? or * to list all spells.
Aiming: Sandblast (safe; 1% risk of failure)
Press: ? - help, Shift-Dir - straight line, f/p - iguana
Aim: an iguana (lightly wounded, 17% to evade)
The blast of sand misses the iguana.
The iguana bites you!
You die...

#.# #.# ..#####.#
#.#.#.#.#
....$....
#.......## . B
..!....l.# ##.#
..### #......@##
#..#
...#.....>...#
###..#
#..#.......####..#
#..............#
##.#.#.#.###..##
#....##### #...##
##..## ###..## ###
#<..# ##..# #.##
##..# ##.##


You could see an iguana.

Vanquished Creatures
  A scorpion (D:3)
  A hound (D:4)
  An orc wizard (D:4)
  4 gnolls (D:3)
  2 adders
  3 oozes
  An adder skeleton (D:4)
  2 worms
  2 dart slugs
  11 orcs
  3 giant cockroaches
  7 goblins
  5 hobgoblins
  9 jackals
  A quokka (D:3)
  3 ball pythons
  5 bats
  A frilled lizard (D:2)
  12 kobolds
  A quokka skeleton (D:4)
  8 rats
83 creatures vanquished.

Notes
Turn   | Place    | Note
-------+----------+-------------------------------------------
     0 | D:1      | Spoonder the Gargoyle Earth Elementalist began the quest
                  | for the Orb.
     0 | D:1      | Reached XP level 1. HP: 10/10 MP: 3/3
   312 | D:1      | Reached skill level 4 in Earth Magic
   312 | D:1      | Reached XP level 2. HP: 15/15 MP: 3/5
  1075 | D:1      | Reached XP level 3. HP: 14/19 MP: 6/6
  1079 | D:1      | Learned a level 3 spell: Stone Arrow
  1247 | D:2      | Found a bloodstained altar of Trog.
  1796 | D:3      | Reached skill level 1 in Conjurations
  1834 | D:3      | Reached XP level 4. HP: 10/24 MP: 6/8
  2173 | D:3      | Reached skill level 5 in Earth Magic
  2258 | D:3      | Reached XP level 5. HP: 26/28 MP: 9/9
  2267 | D:3      | Learned a level 5 spell: Lee's Rapid Deconstruction
  2601 | D:3      | Found a glowing silver altar of Zin.
  2602 | D:3      | Found a shimmering altar of Xom.
  2613 | D:3      | Found a sacrificial altar of Ru.
  2849 | D:4      | Found a blossoming altar of Fedhas.
  3160 | D:4      | Found a glowing golden altar of the Shining One.
  3399 | D:3      | Reached XP level 6. HP: 6/32 MP: 3/11
  3848 | D:4      | Slain by an iguana

Illustrated notes

Levels and vault maps discovered:
D:1:      tarquinn_simple_flora_water_b, layout_basic
D:2:      layout_rooms, overflow_temple_1_default
D:3:      layout_loops_ring, minitemple
D:4:      layout_cave_pods, lemuel_doored_altar, nicolae_tso_swordbearing_angel,
          minivault_23, solitary_fountain, st_stairs_4, uniq_ijyb

Skill      XL: |  1  2  3  4  5  6 |
---------------+-------------------+-----
Earth Magic    | 4 5 |  5.7
Conjurations   | 1 2 3 |  3.0
Spellcasting   | 3 |  3.8
Dodging        | |  1.5
Stealth        | |  2.1
Transmutations | |  0.7

Action                   |  1- 3 |  4- 6 || total
-------------------------+-------+-------++-------
Melee: Unarmed           |    23 |       ||    23
       Dagger            |    76 |       ||    76
       Short sword       |    63 |   151 ||   214
 Cast: Sandblast         |    14 |    21 ||    35
       Lee's Rapid Decon |       |     1 ||     1
  Use: Scroll            |     4 |     6 ||    10
 Stab: Sleeping          |     4 |     4 ||     8
Armor: Robe              |    62 |    66 ||   128
Dodge: Dodged            |   112 |   126 ||   238

Table legend: (Time is in decaauts)
 A = Elapsed time spent in this place.
 B = Non-inter-level travel time spent in this place.
 C = Inter-level travel time spent in this place.
 D = Time resting spent in this place.
 E = Time spent auto-exploring this place.
 F = Levels seen in this place.
 G = Mean time per level.
                   A        B        C        D        E       F      G
               +--------+--------+--------+--------+--------+-----+--------+
         Total |   3868 |   3816 |     52 |    851 |   2194 |   4 |  967.0 |
       Dungeon |   3868 |   3816 |     52 |    851 |   2194 |   4 |  967.0 |
               +--------+--------+--------+--------+--------+-----+--------+

Top non-repeatable levels by time:
     D:3: 1350 daAuts
     D:1: 1244 daAuts
     D:4: 736 daAuts
     D:2: 537 daAuts
